 Dungeon Crawl Stone Soup version 0.23-a0-586-gacb4b3f (webtiles) character file.

58 lemonriz the Skirmisher (level 4, -6/31 HPs)
             Began as an Octopode Berserker on Dec 19, 2018.
             Was a Believer of Trog.
             Mangled by Amnesiac's ghost (7 damage)
             ... on level 3 of the Dungeon.
             The game lasted 00:03:23 (1939 turns).

lemonriz the Skirmisher (Octopode Berserker)        Turns: 1939, Time: 00:03:24

Health: -6/31      AC:  1    Str: 16    XL:     4   Next: 1%
Magic:  4/4        EV: 14    Int: 14    God:    Trog [**....]
Gold:   123        SH:  0    Dex: 12    Spells: 3/3 levels left

rFire    . . .     SeeInvis .     - Unarmed
rCold    . . .     Gourm    .   (no shield)
rNeg     . . .     Faith    .   (helmet restricted)
rPois    .         Spirit   .   (no amulet)
rElec    .         Reflect  .   (no ring)
rCorr    .         Harm     .   (no ring)
MR       .....                  (no ring)
Stlth    ++........             (no ring)
HPRegen  0.10/turn              (no ring)
MPRegen  0.09/turn              (no ring)
                                (no ring)
                                (no ring)

@: brilliant, berserk cooldown, starving, slowed, very slow
A: almost no armour, stealthy swim, amphibious, 8 rings, constrict 8, camouflage
1, gelatinous body 1
a: Berserk, Trog's Hand, Renounce Religion


You were on level 3 of the Dungeon.
You worshipped Trog.
Trog was pleased with you.
You were starving.

You visited 1 branch of the dungeon, and saw 3 of its levels.

You collected 123 gold pieces.

Inventory:

Armour
 c - a +0 buckler
Jewellery
 b - an uncursed amulet of harm {unknown}
Scrolls
 d - a scroll of fear {unknown}
 e - a scroll of enchant armour {unknown}
 h - 2 scrolls of fog {unknown}
 i - a scroll of amnesia {unknown}
 j - a scroll of immolation {unknown}
 k - a scroll of identify {unknown}
 m - a scroll of remove curse {unknown}
 n - a scroll of teleportation {unknown}
Potions
 f - a potion of agility {unknown}
 g - a potion of ambrosia {unknown}
 l - a potion of berserk rage {unknown}
 p - a potion of haste {unknown}
Comestibles
 a - 6 rations
 q - 2 chunks of flesh


   Skills:
 + Level 3.5 Fighting
 + Level 3.5 Dodging
 + Level 1.1 Shields
 + Level 3.5 Unarmed Combat


You had 3 spell levels left.
You didn't know any spells.
Your spell library was empty.

Dungeon Overview and Level Annotations

Branches:
Dungeon (3/15)

Altars:
Fedhas
Gozag
Trog
Xom

Annotations:
D:3 Amnesiac's ghost, novice SpBe


Innate Abilities, Weirdness & Mutations

You cannot wear most types of armour.
You are very stealthy in the water. (Stealth+)
You are amphibious.
You can wear up to eight rings at the same time.
You can use your tentacles to constrict eight enemies at once.
Your skin changes colour to match your surroundings (Stealth+).
Your rubbery body absorbs attacks. (AC +1, EV +1)


Message History

Amnesiac's ghost is severely damaged.
Amnesiac's ghost hits you!
You tentacle-slap Amnesiac's ghost. Your squeeze misses Amnesiac's ghost.
Amnesiac's ghost is almost destroyed.
You miss Amnesiac's ghost. Your squeeze misses Amnesiac's ghost.
Amnesiac's ghost is almost destroyed.
You are no longer berserk.
You are exhausted.
You feel yourself slow down. Amnesiac's ghost misses you.
You closely miss Amnesiac's ghost.
Amnesiac's ghost is almost destroyed.
Amnesiac's ghost hits you.
You closely miss Amnesiac's ghost. Your squeeze misses Amnesiac's ghost.
Amnesiac's ghost is almost destroyed.
Amnesiac's ghost misses you. Amnesiac's ghost hits you!
* * * LOW HITPOINT WARNING * * *
It was a potion of brilliance.
You feel clever all of a sudden. Amnesiac's ghost hits you!
You die...

####.##.#.....#
#..#.#.#+#.#
.####.#.#.#.#.#######
..................>..
######..#.#.....#####
...###..#.###...#
.....##.#.......#####
....[##..####....#.P#
.....##.........@W$8#
..)..##...###....#.P#
.....##...# #..######
##.####.#.###..###.#
##..<##.#..........#
..#####.##.##..###.#
......#....##..#
..###.#.#......#
.....<#<...###.########


You could see Amnesiac's ghost.

Vanquished Creatures
  An adder (D:2)
  A worm (D:2)
  A dart slug (D:2)
  A leopard gecko (D:1)
  An orc (D:3)
  6 bats
  3 giant cockroaches
  5 goblins
  6 hobgoblins
  2 jackals (D:1)
  2 quokkas (D:2)
  3 frilled lizards
  3 kobolds
  6 rats
41 creatures vanquished.

Notes
Turn   | Place    | Note
-------+----------+-------------------------------------------
     0 | D:1      | lemonriz the Octopode Berserker began the quest for the
                  | Orb.
     0 | D:1      | Reached XP level 1. HP: 16/16 MP: 1/1
   119 | D:1      | Reached XP level 2. HP: 15/21 MP: 2/2
   735 | D:1      | Reached XP level 3. HP: 23/26 MP: 3/3
   931 | D:2      | Reached ** piety under Trog
  1212 | D:2      | Found an opulent altar of Gozag.
  1381 | D:2      | Found a blossoming altar of Fedhas.
  1441 | D:2      | Reached skill level 1 in Shields
  1503 | D:2      | Found a shimmering altar of Xom.
  1503 | D:2      | Found a bloodstained altar of Trog.
  1761 | D:3      | Found a runed door.
  1761 | D:3      | Noticed Amnesiac's ghost (novice SpBe)
  1868 | D:3      | Reached XP level 4. HP: 29/31 MP: 4/4
  1938 | D:3      | HP: 1/31 [Amnesiac's ghost (9)]
  1939 | D:3      | Mangled by Amnesiac's ghost

Vault maps used:
D:1:      nzn_arrival_water_spiral, due_unseen_surprise
D:2:      old_standard_altar, gammafunk_temple_overflow_elements,
          grunt_gozag_breadcrumbs
D:3:      kennysheep_slug_shrine, first_ration, gammafunk_ghost_grave,
          kennysheep_generic_room_13

Skill      XL: |  1  2  3 |
---------------+----------+-----
Shields        | 1 |  1.1
Fighting       | |  3.5
Dodging        | |  3.5
Unarmed Combat | |  3.5

Action                   |  1- 3 |  4- 6 || total
-------------------------+-------+-------++-------
Melee: Unarmed           |    70 |    26 ||    96
       Constrict         |    23 |       ||    23
       Tentacles         |    10 |       ||    10
Invok: Berserk           |     2 |     1 ||     3
  Use: Potion            |       |     1 ||     1
 Stab: Sleeping          |    10 |       ||    10
  Eat: Chunk             |     4 |       ||     4
Armor: Skin              |     6 |     2 ||     8
Dodge: Dodged            |    37 |    10 ||    47

Table legend:
 A = Non-vault XP
 B = Vault XP
 C = Vault XP percentage of total XP
 D = Non-vault monster count
 E = Vault monster count
 F = Vault count percentage of total count
                 A         B        C        D         E       F
            +---------+---------+-------+---------+---------+-------
      Total |      83 |       0 |   0.0 |      41 |       0 |   0.0
            +---------+---------+-------+---------+---------+-------
        D:1 |      35 |       0 |   0.0 |      22 |       0 |   0.0
        D:2 |      39 |       0 |   0.0 |      14 |       0 |   0.0
        D:3 |       9 |       0 |   0.0 |       5 |       0 |   0.0
            +---------+---------+-------+---------+---------+-------
